Description

The build aims to get 8 Roaches out as quickly as possible and morphing one of them into a Ravager. The remaining gas always gets put into more gas and at home a constant ling flood is made to just over power and kill the Protoss.

It's a build which is easy to execute and hard to hold. The worst kind of build I guess :).

Example Game vs Protoss: https://www.youtube.com/watch?v=AQr5Sk0H_EU

Also works well versus Terran: https://www.youtube.com/watch?v=WhqF9MgUy-8 & https://www.youtube.com/watch?v=WhqF9MgUy-8

VOD

https://www.youtube.com/watch?v=DPIG8TnP12M

Replay - Bails v Railgan - Cactus Valley LE (Void)

Build Order

Get SALT Encoding   

  12  0:00  Drone  
  13  0:12  Overlord  
  13  0:17  Drone  
  14  0:31  Drone x3  
  17  0:37  Extractor  Put drones in Gas immediatly
  16  0:46  Drone  
  17  0:52  Spawning Pool  
  17  0:56  Drone  
  17  1:17  Hatchery  if he blocks natural take the 3rd
  16  1:21  Drone x2  
  18  1:29  Drone  
  19  1:41  Queen  
  19  1:44  Zergling x2  
  22  1:52  Metabolic Boost  
  22  2:07  Roach Warren  1 more drone after this
  22  2:16  Overlord x2  
  22  2:47  Roach x5  
  32  2:53  Roach x2  
  32  2:58  Roach  
  38  3:01  Zergling x4  
  39  3:13  Overlord  
  39  3:15  Zergling x4  
  41  3:23  Zergling x6  
  43  3:33  Zergling x4  
  46  3:35  Ravager  
  48  3:53  Ravager  
  51  3:56  Overlord  
Spawning Tool Build Advisor. Get it on Overwolf

Analysis

The Build works against pretty much every Protoss Build in Theory. Especially in lower leagues where the exact response to the build is unknown, you will be able to win a lot of games. At GM Level the build still has a positive > 50% Winrate.

There really isn't much to the build. An easy way to reach GM and kill people on ladder.

Go to:

Details

  • Created by: railgan      
  • Published on: Apr 18, 2017
  • Patch: 3.8.0
Show
View Real Time Build Order
Export as new Build Order

Comments (5)

On Aug. 24, 2018, 9:12 a.m., Tristan107  said:

Isn't it "The remaining gas always gets put into more RAVAGERS" ?

On June 10, 2017, 4:18 p.m., 4thJobHokage  said:

Great build, been using it every ZvP on Defender's Landing, have probably a 67% or so win rate with it.

On May 17, 2017, 12:37 p.m., railgan  said:

You can Tick the [Workers] Box to the right side of the Website and you will see when I build the Workers. :)

On May 11, 2017, 10:54 a.m., ProjektUnkown  said:

http://prntscr.com/f6nv78

On May 11, 2017, 3:50 a.m., ProjektUnkown  said:

I really enjoy that build , i really appreciate that you wrote also the time when to build units & buildings would you mind also adding the " Drones " (Time) when to build them ? Would really like to see that :/ PS : Very Awesome Build ! :)

Create an account to comment!